 Dungeon Crawl Stone Soup version 0.29.1-15-g9cfb28693d (webtiles) character file.

Game seed: 6064413641135123902

218 Ast3rio the Magician (level 5, 0/28 HPs)
             Began as a Deep Elf Venom Mage on Mar 28, 2023.
             Succumbed to an adder's poison
             ... on level 2 of the Dungeon.
             The game lasted 00:04:17 (1362 turns).

Ast3rio the Magician (Deep Elf Venom Mage)          Turns: 1362, Time: 00:04:18

Health: 0/28       AC:  2    Str:  5    XL:     5   Next: 63%
Magic:  4/14       EV: 13    Int: 22    God:
Gold:   74         SH:  0    Dex: 15    Spells: 11/14 levels left

rFire   . . .      SeeInvis .   (no weapon)
rCold   . . .      Faith    .   (no shield)
rNeg    . . .      Spirit   .   a - +0 robe
rPois   .          Reflect  .   (no helmet)
rElec   .          Harm     .   (no cloak)
rCorr   .          Rampage  .   (no gloves)
Will    .....                   (no boots)
Stlth   ++........              (no amulet)
HPRegen 0.09/turn               (no ring)
MPRegen 0.14/turn               (no ring)

@: lethally poisoned (0 -> -9)
A: no striking features
a: no special abilities


You were on level 2 of the Dungeon.
You visited 1 branch of the dungeon, and saw 2 of its levels.

You collected 74 gold pieces.

Inventory:

Armour
 a - a +0 robe (worn)
Scrolls
 e - a scroll of amnesia {unknown}
Potions
 b - a potion of magic
 c - a potion of brilliance {unknown}
 d - a potion of mutation {unknown}
 f - a potion of berserk rage {unknown}
 g - a potion of heal wounds {unknown}
 h - a potion of curing {unknown}


   Skills:
 + Level 2.8 Dodging
 + Level 2.8 Stealth
 + Level 5.2 Spellcasting
 + Level 2.8 Transmutations
 + Level 0.5 Air Magic
 + Level 4.9 Poison Magic


You had 11 spell levels left.
You knew the following spells:

 Your Spells              Type           Power      Damage    Failure   Level
a - Sting                 Tmut/Pois      88%        1d7       1%          1
b - Poisonous Vapours     Pois/Air       34%        N/A       4%          2

Your spell library contained the following spells:

 Spells                   Type           Power      Damage    Failure   Level
 Olgreb's Toxic Radiance  Pois           27%        N/A       13%         4
 Mephitic Cloud           Conj/Pois/Air  13%        N/A       14%         3
 Frozen Ramparts          Ice            10%        1d2       30%         3
 Ice Form                 Ice/Tmut       11%        N/A       50%         4
 Summon Ice Beast         Ice/Summ       5%         N/A       69%         4


Dungeon Overview and Level Annotations

Branches:
Dungeon (2/15)

Altars:


Message History

Confirm with . or Enter, or press ? or * to list all spells.
Aiming: Sting (safe; 1% risk of failure)
Press: ? - help, Shift-Dir - straight line, f/p - hobgoblin
Aim: a hobgoblin (almost dead, poisoned, 76% to hit)
The sting misses the hobgoblin.
You feel sick. The adder bites you but does no damage. The hobgoblin hits you.
Casting: Sting (safe; 1% risk of failure)
Confirm with . or Enter, or press ? or * to list all spells.
Aiming: Sting (safe; 1% risk of failure)
Press: ? - help, Shift-Dir - straight line, f/p - hobgoblin
Aim: a hobgoblin (almost dead, poisoned, 76% to hit)
The sting hits the hobgoblin.
The hobgoblin looks even sicker.
You kill the hobgoblin!
You feel sick. The adder bites you.
* * * LOW HITPOINT WARNING * * *
You are lethally poisoned!
The adder poisons you! The adder bites you.
* * * LOW HITPOINT WARNING * * *
Unknown command.
Casting: Sting (safe; 1% risk of failure)
Confirm with . or Enter, or press ? or * to list all spells.
Aiming: Sting (safe; 1% risk of failure)
Press: ? - help, Shift-Dir - straight line, f - adder
Aim: an adder (60% to hit)
The sting hits the adder.
The adder is poisoned.
The adder is moderately wounded.
* * * LOW HITPOINT WARNING * * *
You feel very sick. The adder bites you.
* * * LOW HITPOINT WARNING * * *
Unknown command.
Unknown command.
Casting: Sting (safe; 1% risk of failure)
Confirm with . or Enter, or press ? or * to list all spells.
Aiming: Sting (safe; 1% risk of failure)
Press: ? - help, Shift-Dir - straight line, f/p - adder
Aim: an adder (moderately wounded, poisoned, 60% to hit)
The sting hits the adder.
The adder looks even sicker.
The adder is severely wounded.
You die...

#...#........
~≈≈~88
#...#........
).....
#...#........
......
###...#.....#..
≈≈~~88
#............#
≈≈~...
#............#
≈≈~...
#............#
≈~~###
#<...........#
≈~....
#......@.....#
≈~....
#.....†S.....#
~~..##
..............#
~#.
...............#
#
...............#
..............#
.##
.............#
...
...###########
###


You could see an adder (very poisoned).

Vanquished Creatures
  Sigmund (D:2)
  3 adders (D:2)
  5 bats
  2 endoplasms (D:1)
  2 giant cockroaches
  3 goblins
  4 hobgoblins
  3 kobolds
  A quokka (D:1)
  A ball python (D:1)
  A frilled lizard (D:1)
  4 rats
30 creatures vanquished.

Notes
Turn   | Place    | Note
-------+----------+-------------------------------------------
     0 | D:1      | Ast3rio the Deep Elf Venom Mage began the quest for the
                  | Orb.
     0 | D:1      | Reached XP level 1. HP: 10/10 MP: 6/6
   222 | D:1      | Reached XP level 2. HP: 15/15 MP: 6/8
   433 | D:1      | Learned a level 2 spell: Poisonous Vapours
   848 | D:2      | Reached XP level 3. HP: 18/19 MP: 6/10
   949 | D:2      | Noticed Sigmund
   960 | D:2      | Killed Sigmund
   961 | D:2      | Reached skill level 5 in Spellcasting
   961 | D:2      | Reached XP level 4. HP: 16/24 MP: 3/13
   961 | D:2      | Reached XP level 5. HP: 18/28 MP: 3/14
  1362 | D:2      | Succumbed to an adder's poison

Illustrated notes

Levels and vault maps discovered:
D:1:      minmay_arrival_checkered_box, layout_rooms
D:2:      wander_river, layout_basic, hellmonk_ecumenical_altar_watching_god,
          uniq_sigmund

Skill      XL: |  1  2  3 |
---------------+----------+-----
Poison Magic   | 4 |  4.9
Spellcasting   | 5 |  5.2
Transmutations | 2 |  2.8
Dodging        | |  2.8
Stealth        | |  2.8
Air Magic      | |  0.5

Action                   |  1- 3 |  4- 6 || total
-------------------------+-------+-------++-------
Melee: Unarmed           |     3 |    10 ||    13
       Punch             |       |     1 ||     1
 Cast: Sting             |    43 |    25 ||    68
       Poisonous Vapours |     2 |       ||     2
Armor: Robe              |     4 |     1 ||     5
Dodge: Dodged            |    15 |    18 ||    33
